 Dungeon Crawl Stone Soup version 0.32-a0-42-ga30500b4d3 (webtiles) character file.

Game seed: 9421320680951527673

3277 Dittersdorf the Protected (level 10, 0/64 HPs)
             Began as a Gargoyle Fighter on Jan 29, 2024.
             Was an Initiate of Gozag.
             Killed from afar by a steam dragon (10 damage)
             ... with a ball of steam
             ... on level 7 of the Dungeon.
             The game lasted 00:09:11 (5751 turns).

Dittersdorf the Protected (Gargoyle Fighter)        Turns: 5751, Time: 00:09:12

Health: 0/64       AC: 19    Str: 24    XL:     10   Next: 0%
Magic:  0/10       EV: 10    Int:  9    God:    Gozag
Gold:   2702       SH:  5    Dex:  9    Spells: 9/9 levels left

rFire   . . .        t - +3 flail (heavy)
rCold   . . .        c - +0 buckler
rNeg    + . .        r - +3 ring mail
rPois   ∞            j - +0 helmet
rElec   +            (no cloak)
rCorr   .            (no gloves)
SInv    +            u - +0 pair of boots
Will    .....        o - amulet of guardian spirit Stlth
                     n - ring of see invisible
HPRegen 0.30/turn    (no ring)
MPRegen 0.12/turn

%: guardian spirit
@: no status effects
A: sickness immunity, AC +7, negative energy resistance 1, electricity
resistance, torment resistance 1, petrification resistance
a: Renounce Religion, Potion Petition, Call Merchant, Bribe Branch


You were on level 7 of the Dungeon.
You worshipped Gozag.
Gozag was most pleased with you.
You visited 2 branches of the dungeon, and saw 8 of its levels.
You also visited: Sewer.

You collected 2754 gold pieces.
You paid 52 gold pieces to Gozag.

Inventory:

Hand Weapons
 a - a +0 flail
 t - a +3 heavy flail (weapon)
Armour
 c - a +0 buckler (worn)
 j - a +0 helmet (worn)
 r - a +3 ring mail (worn)
 u - a +0 pair of boots (worn)
Magical Staves
 v - a staff of earth
Jewellery
 g - a ring of ice
 n - a ring of see invisible (left hand)
 o - an amulet of guardian spirit (around neck)
Wands
 i - a wand of digging (1)
 p - a wand of paralysis (9) (quivered)
Scrolls
 h - a scroll of teleportation
 q - a scroll of fog
Potions
 b - 3 potions of enlightenment
 d - a potion of might
 e - 2 potions of brilliance
 f - 3 potions of curing
 k - a potion of lignification {unknown}
 l - 4 potions of heal wounds
 s - a potion of cancellation {unknown}
 x - a potion of haste {unknown}
 z - a potion of invisibility {unknown}


   Skills:
 + Level 8.2 Fighting
 + Level 7.1 Maces & Flails
 + Level 8.3 Armour
 + Level 8.2 Shields


You had 9 spell levels left.
You didn't know any spells.
Your spell library contained the following spells:

 Spells                   Type           Power      Damage    Failure   Level
 Magic Dart               Conj           0%         1d3       56%         1
 Sandblast                Erth           0%         2d4       56%         1
 Blink                    Tloc           0%         N/A       71%         2
 Call Imp                 Summ           0%         N/A       71%         2
 Lesser Beckoning         Tloc           0%         N/A       71%         2
 Scorch                   Fire           0%         2d5       71%         2
 Searing Ray              Conj           0%         2d4       71%         2
 Gell's Gravitas          Tloc           0%         N/A       90%         3
 Passwall                 Erth           0%         N/A       90%         3
 Stone Arrow              Conj/Erth      0%         3d7       90%         3
 Teleport Other           Tloc           0%         N/A       90%         3
 Brom's Barrelling Bould  Conj/Erth      0%         2d3       100%        4
 Flame Wave               Conj/Fire      0%         2d4       100%        4
 Fulminant Prism          Conj/Alch      0%         3d5       100%        4
 Summon Cactus Giant      Summ           0%         N/A       100%        6


Dungeon Overview and Level Annotations

Branches:
Dungeon (7/15)             Temple (1/1) D:4           Sewer (visited)

Altars:
Ashenzari
Cheibriados
Elyvilon
Fedhas
Gozag
Hepliaklqana
Kikubaaqudgha
Nemelex Xobeh
Okawaru
Qazlal
Ru
Sif Muna
Trog
Uskayaw
Wu Jian
Xom
Zin
The Shining One

Shops:
D:6 [

Annotations:
D:7 Joseph


Innate Abilities, Weirdness & Mutations

You are immune to sickness and miasma.
Your stone body is resilient. (AC +7)
You are immune to poison.
You resist negative energy. (rN+)
You are resistant to electric shocks. (rElec)
You are resistant to unholy torment.
You are immune to petrification.


Message History

The ice beast hits you but does no damage.
The steam dragon bites you but does no damage.
The steam dragon claws you.
You are too injured to fight recklessly!
You are too injured to fight recklessly!
You are too injured to fight recklessly!
You are too injured to fight recklessly!
You are too injured to fight recklessly!
You are too injured to fight recklessly!
You are too injured to fight recklessly!
You are too injured to fight recklessly!
You are too injured to fight recklessly!
You are too injured to fight recklessly!
You are too injured to fight recklessly!
You are too injured to fight recklessly!
You are too injured to fight recklessly!
You are too injured to fight recklessly!
You are too injured to fight recklessly!
You are too injured to fight recklessly!
You are too injured to fight recklessly!
You hit Joseph.
Joseph is moderately wounded.
Joseph hits you with a +0 quarterstaff. The steam dragon breathes steam at you.
The ball of steam hits you! The ice beast barely misses you.
Joseph hits you with a +0 quarterstaff.
* * * LOW HITPOINT WARNING * * *
You hit Joseph but do no damage.
Joseph is moderately wounded.
You are engulfed in a cloud of scalding steam.
The steam dragon bites you but does no damage.
The steam dragon barely misses you.
The ice beast hits you but does no damage.
Joseph hits you with a +0 quarterstaff!
* * * LOW HITPOINT WARNING * * *
The ice beast closely misses you. The steam dragon breathes steam at you.
The ball of steam hits you!
You die...
Your body crumbles into a pile of gold.

#...# ..## #>..#
##...#
#...####....####
##.?.##.........
#.........)...>
#...<..........
##..............
#.......YD......
#....$..@....##
#...####§.@..##
#..## ##....#
..# ##..## ?#
###


You could see Joseph, a steam dragon (catching breath) and an ice beast.

Vanquished Creatures
  Pikel (D:5)
  Jeremiah (D:7)
  Menkaure (D:6)
  Edmund (D:5)
  Pargi (Sewer)
  3 ice beasts (D:6)
  A sky beast (D:5)
  A black bear (D:6)
  An ogre (D:3)
  A centaur (D:4)
  3 kobold brigands (D:7)
  A phantom (D:7)
  A brain worm (Sewer)
  3 scorpions
  4 killer bees (D:7)
  A howler monkey (D:4)
  4 electric eels (D:6)
  3 orc priests
  5 hounds
  2 jellies
  2 sleepcaps
  3 iguanas (D:5)
  An orc wizard (D:6)
  Robin (D:2)
  4 gnolls (D:4)
  A river rat (D:4)
  3 adders
  A shadow imp (D:7)
  A white imp (D:7)
  3 dart slugs (D:1)
  4 ribbon worms
  18 orcs
  11 ball pythons
  10 endoplasms
  8 giant cockroaches
  16 goblins
  15 hobgoblins
  8 jackals
  13 kobolds
  4 quokkas
  4 bats
  8 frilled lizards
  8 rats
186 creatures vanquished.

Notes
Turn   | Place    | Note
-------+----------+-------------------------------------------
     0 | D:1      | Dittersdorf the Gargoyle Fighter began the quest for the
                  | Orb.
     0 | D:1      | Reached XP level 1. HP: 14/14 MP: 1/1
    92 | D:1      | Reached XP level 2. HP: 13/19 MP: 2/2
   365 | D:1      | Found a faded altar of an unknown god.
   414 | D:1      | Reached XP level 3. HP: 19/23 MP: 3/3
   805 | D:2      | Found a glowing golden altar of the Shining One.
   883 | D:2      | Noticed Robin
   916 | D:2      | Reached XP level 4. HP: 14/29 MP: 4/4
   927 | D:2      | Killed Robin
  1761 | D:3      | Reached XP level 5. HP: 28/33 MP: 2/5
  1887 | D:3      | Noticed an ogre
  1893 | D:3      | Killed an ogre
  1894 | D:3      | Reached XP level 6. HP: 31/39 MP: 4/6
  2127 | D:4      | Reached skill level 5 in Armour
  2140 | D:4      | Identified a scroll of acquirement
  2140 | D:4      | Acquired 936 gold pieces
  2227 | D:4      | Reached skill level 5 in Fighting
  2227 | D:4      | Reached skill level 5 in Shields
  2282 | D:4      | Reached XP level 7. HP: 44/44 MP: 7/7
  2300 | D:4      | Found a glowing drain.
  2306 | Sewer    | Entered a sewer
  2395 | Sewer    | Noticed Pargi
  2401 | Sewer    | Killed Pargi
  2455 | Sewer    | Acquired 1104 gold pieces
  2820 | D:4      | Found a staircase to the Ecumenical Temple.
  2829 | Temple   | Entered the Ecumenical Temple
  2835 | Temple   | Became a worshipper of Gozag Ym Sagoz the Greedy
  3049 | D:5      | Entered Level 5 of the Dungeon
  3109 | D:5      | Reached XP level 8. HP: 44/51 MP: 6/8
  3254 | D:5      | Noticed Pikel
  3254 | D:5      | Noticed Edmund
  3267 | D:5      | Killed Pikel
  3268 | D:5      | Reached skill level 5 in Maces & Flails
  3275 | D:5      | Killed Edmund
  4105 | D:6      | Noticed Menkaure
  4113 | D:6      | Killed Menkaure
  4114 | D:6      | Reached XP level 9. HP: 35/57 MP: 4/9
  4228 | D:6      | Found Hirghu's Armour Boutique.
  5392 | D:7      | Noticed Jeremiah
  5662 | D:7      | Killed Jeremiah
  5680 | D:7      | Reached XP level 10. HP: 52/64 MP: 7/10
  5739 | D:7      | Noticed Joseph
  5751 | D:7      | Killed from afar by a steam dragon

Illustrated notes

Levels and vault maps discovered:
D:1:      wander_arrival_desolate, layout_loops_cross,
          hellmonk_ecumenical_altar_pennies_from_heaven
D:2:      layout_rooms, basic_altar, minivault_5, uniq_robin
D:3:      layout_basic
D:4:      layout_loops_ring, temple_fountains,
          mainiacjoe_sewer_entry_somewhere_in_here_2, st_stairs_10,
          grunt_ministairs_8
D:5:      layout_loops_corners, hex_tiny, minmay_misc_feat_x,
          amcnicky_mini_corridor_feature, st_stairs_7, uniq_pikel, uniq_edmund
D:6:      layout_cave_pods, serial_bayou, serial_bayou_ford_a,
          serial_bayou_pond_d, serial_bayou_shore_a, serial_bayou_crossing,
          nicolae_inconvenience_store, nrook_loot_triangle, sigmund_army,
          uniq_menkaure
D:7:      layout_layer_cave, gammafunk_ghost_smash, uniq_joseph, uniq_jeremiah
Temple:   eino_narrow_crystal_temple

Skill      XL: |  1  2  3  4  5  6  7  8  9 |
---------------+----------------------------+-----
Armour         | 4 5 7 8 |  8.3
Fighting       | 4 5 7 8 |  8.2
Shields        | 4 5 6 8 |  8.2
Maces & Flails | 3 4 5 7 |  7.1

Action                     |  1- 3 |  4- 6 |  7- 9 | 10-12 || total
---------------------------+-------+-------+-------+-------++-------
  Melee: Flail             |   113 |   185 |   256 |     6 ||   560
  Evoke: Wand              |       |       |    15 |       ||    15
    Use: Scroll            |       |     9 |     6 |       ||    15
   Stab: Paralysed         |       |       |     2 |       ||     2
 Armour: Scale mail        |   102 |    12 |       |       ||   114
         Ring mail         |       |   164 |   263 |    25 ||   452
  Dodge: Dodged            |    67 |   129 |   192 |    15 ||   403
  Block: Buckler           |    37 |    61 |    78 |     5 ||   181

Table legend: (Time is in decaauts)
 A = Elapsed time spent in this place.
 B = Non-inter-level travel time spent in this place.
 C = Inter-level travel time spent in this place.
 D = Time resting spent in this place.
 E = Time spent auto-exploring this place.
 F = Levels seen in this place.
 G = Mean time per level.
                   A        B        C        D        E       F      G
               +--------+--------+--------+--------+--------+-----+--------+
         Total |   6145 |   5955 |    190 |    545 |   3594 |   9 |  682.8 |
       Dungeon |   5899 |   5709 |    190 |    480 |   3589 |   7 |  842.7 |
        Temple |     12 |     12 |      0 |      0 |      0 |   1 |   12.0 |
         Sewer |    233 |    233 |      0 |     65 |      4 |   1 |  233.0 |
               +--------+--------+--------+--------+--------+-----+--------+

Top non-repeatable levels by time:
     D:6: 1378 daAuts
     D:5: 1107 daAuts
     D:4: 1003 daAuts
     D:1: 816 daAuts
     D:3: 641 daAuts
     D:2: 598 daAuts
     D:7: 354 daAuts
   Sewer: 233 daAuts
  Temple: 12 daAuts
